 Dungeon Crawl Stone Soup version 0.31.0-11-ge490571c62 (webtiles) character file.

Game seed: 9887607511864526728

595 javelincjr the Trooper (level 7, -12/53 HPs)
             Began as a Djinni Hedge Wizard on Feb 5, 2024.
             Mangled by an ice beast (21 damage)
             ... on level 4 of the Dungeon.
             The game lasted 00:18:27 (4722 turns).

javelincjr the Trooper (Djinni Hedge Wizard)        Turns: 4722, Time: 00:18:27

Health: -12/53     AC:  3    Str:  9    XL:     7   Next: 67%
Gold:   137        EV: 13    Int: 18    God:
                   SH:  0    Dex: 12

rFire   + + +        s - +1 spear (venom)
rCold   x . .        (no shield)
rNeg    . . .        b - +0 robe
rPois   ∞            c - +0 hat
rElec   .            (no cloak)
rCorr   .            f - +0 pair of gloves
SInv    .            (boots unavailable)
Will    .....        (no amulet)
Stlth   ++           (no ring)
HPRegen 0.28/turn    (no ring)
MPRegen 0.00/turn

%: infuse magic (-13 HP)
@: on blink cooldown, flying
A: sickness immunity, fire resistance 3, cold vulnerability 1, float, innate
caster, HP casting, extra vitality 1
a: no special abilities


You were on level 4 of the Dungeon.
You visited 1 branch of the dungeon, and saw 5 of its levels.

You collected 137 gold pieces.

Inventory:

Hand Weapons
 a - a +0 dagger
 s - a +1 spear of venom (weapon)
Missiles
 o - 4 poisoned darts
 p - 4 darts of dispersal
 v - 2 boomerangs
Armour
 b - a +0 robe (worn)
 c - a +0 hat (worn)
 f - a +0 pair of gloves (worn)
Jewellery
 d - a ring of fire
Wands
 m - a wand of mindburst (19)
 q - a wand of iceblast (6)
 r - a wand of polymorph (5)
Scrolls
 e - a scroll of blinking {unknown}
 i - a scroll of revelation {unknown}
 j - a scroll of butterflies {unknown}
 k - 2 scrolls of identify {unknown}
 l - 3 scrolls of fear {unknown}
 t - a scroll of silence {unknown}
Potions
 g - 2 potions of mutation
 h - 2 potions of curing
 n - 2 potions of degeneration {unknown}
 u - a potion of heal wounds {unknown}


   Skills:
 * Level 4.8 Fighting
 + Level 0.4 Polearms
 + Level 4.2 Dodging
 - Level 1.5 Stealth
 * Level 4.7 Spellcasting
 * Level 4.7 Conjurations
 * Level 4.7 Hexes
   Level 0.0 Charms
 * Level 4.7 Summonings
 * Level 4.7 Necromancy
 * Level 4.7 Translocations
   Level 0.0 Transmutations
 * Level 4.7 Fire Magic
 * Level 4.7 Ice Magic
 * Level 4.7 Air Magic
 * Level 4.7 Earth Magic
 * Level 4.7 Alchemy


You knew the following spells:

 Your Spells              Type           Power      Damage    Failure   Level
a - Magic Dart            Conj           84%        1d7       1%          1
b - Slow                  Hex            84%        N/A       1%          1
c - Blink                 Tloc           42%        N/A       3%          2
d - Call Imp              Summ           42%        N/A       3%          2
e - Mephitic Cloud        Conj/Alch/Air  21%        N/A       6%          3
f - Summon Small Mammal   Summ           84%        N/A       1%          1
g - Jinxbite              Hex            42%        N/A       3%          2
h - Teleport Other        Tloc           21%        N/A       6%          3
Your spell library was empty.

Dungeon Overview and Level Annotations

Branches:
Dungeon (5/15)
 Temple: D:4-7

Altars:
Dithmenos
Hepliaklqana

Shops:
D:4 :


Innate Abilities, Weirdness & Mutations

You are immune to sickness and miasma.
You are immune to poison.
Your flesh is almost immune to the effects of heat. (rF+++)
You are vulnerable to cold. (rC-)
You float through the air rather than walking.
You learn spells naturally, not from books.
Your magical power is your life essence.
You have superior vitality. (+4 MHP)


Message History

Aim: an ice beast (ally target, chance to affect: 53%)
The ice beast resists with significant effort.
The ice beast hits you. The ice beast freezes you!
You feel a terrible chill!
Your cerulean imp misses the ice beast.
Your rat bites the ice beast but does no damage.
You swap places.
The ice beast closely misses you.
Your cerulean imp hits the ice beast but does no damage.
Your rat bites the ice beast but does no damage.
There is a stone staircase leading up here.
You swap places.
The ice beast attacks as it pursues you!
The ice beast hits you. The ice beast freezes you!
You feel a terrible chill!
* * * LOW HITPOINT WARNING * * *
Your cerulean imp hits the ice beast but does no damage.
Your cerulean imp hits the ice beast with a -2 spear.
There is an open door here.
Casting: Slow (safe; 1% risk of failure)
Confirm with . or Enter, or press ? or * to list all spells.
You blink.
* * * LOW HITPOINT WARNING * * *
Your cerulean imp hits the ice beast but does no damage.
Your rat closely misses the ice beast.
Your cerulean imp barely misses the ice beast.
Your rat bites the ice beast but does no damage.
Aiming: Mindburst
Press: ? - help, Q - select action, (/) - cycle Shift-Dir - straight line, f/p - ice beast
Aim: an ice beast (lightly wounded, ally target, chance to affect: 64%)
The ice beast struggles to resist.
Aiming: Mindburst
Press: ? - help, Q - select action, (/) - cycle Shift-Dir - straight line, f/p - ice beast
Aim: an ice beast (lightly wounded, ally target, chance to affect: 64%)
The ice beast struggles to resist.
Your cerulean imp closely misses the ice beast.
The ice beast misses you.
Your rat closely misses the ice beast.
It was a potion of curing.
You feel better.
Your cerulean imp hits the ice beast from afar with a -2 spear.
The ice beast hits you.
* * * LOW HITPOINT WARNING * * *
The ice beast freezes you!!
You feel a terrible chill!
You die...

#...##.# #......'........#
#....#.# ##......##.......#
.......#####......###.......#
.....#.....#.###### #.......#
.............# ####.####
..##........## #.#
.#####......# #.# .#
#......####### #.# .#
#.##.#.....@.# #.# .#
#.##.#...5rY.# #.######## .#
#..Y.#..<....# #......... .#
###..#.......# #.######## .#
##>###'###########........ .#
### #.#...........####### .#
#.#.######....##..... .#
##.#.######....##.#### '##
#........##....##.#...


You could see an ice beast (ally target), a friendly cerulean imp (summoned) and
a friendly rat (summoned).

Vanquished Creatures
  An ice beast (D:5)
  2 black bears (D:4)
  2 bombardier beetles
  2 gnolls (D:4)
  3 adders
  2 dart slugs
  2 orcs
  5 ball pythons
  3 bats
  2 endoplasms
  2 giant cockroaches
  6 goblins
  5 hobgoblins
  3 jackals (D:2)
  4 quokkas
  3 frilled lizards
  6 kobolds
  4 rats
57 creatures vanquished.

Vanquished Creatures (collateral kills)
  A scorpion (D:4)
  A hound (D:4)
  5 gnolls (D:4)
  A dart slug (D:4)
  A ribbon worm (D:3)
  An endoplasm (D:4)
  2 goblins (D:4)
  2 hobgoblins (D:4)
  A jackal (D:2)
  A kobold (D:2)
  A quokka (D:2)
  A frilled lizard (D:3)
18 creatures vanquished.

Grand Total: 75 creatures vanquished

Notes
Turn   | Place    | Note
-------+----------+-------------------------------------------
     0 | D:1      | javelincjr the Djinni Hedge Wizard began the quest for the
                  | Orb.
     0 | D:1      | javelincjr set off with the following spells memorised:
                  | Magic Dart, Slow, Blink, Call Imp, Mephitic Cloud.
     0 | D:1      | Reached XP level 1. HP: 15/15 MP: 0/0
   144 | D:1      | Reached XP level 2. HP: 14/22 MP: 0/0
   185 | D:1      | Reached skill level 1 in Fighting
   806 | D:2      | Reached XP level 3. HP: 12/27 MP: 0/0
   806 | D:2      | Learned a level 1 spell: Summon Small Mammal
  1797 | D:2      | Reached XP level 4. HP: 30/33 MP: 0/0
  2086 | D:3      | Reached XP level 5. HP: 38/39 MP: 0/0
  2086 | D:3      | Learned a level 2 spell: Jinxbite
  2513 | D:3      | Found a faded altar of an unknown god.
  3051 | D:4      | Reached XP level 6. HP: 37/46 MP: 0/0
  3085 | D:4      | Found Femp's Self-Published Books.
  3284 | D:4      | Noticed a black bear
  3305 | D:4      | Killed a black bear
  3425 | D:4      | Found a shadowy altar of Dithmenos.
  3446 | D:4      | Noticed a black bear
  3494 | D:4      | Gained mutation: Your flesh is almost immune to the effects
                  | of heat. (rF+++) [potion of mutation]
  3646 | D:4      | Found a hazy altar of Hepliaklqana.
  3766 | D:4      | Reached XP level 7. HP: 52/52 MP: 0/0
  3766 | D:4      | Learned a level 3 spell: Teleport Other
  4356 | D:5      | Entered Level 5 of the Dungeon
  4722 | D:4      | Mangled by an ice beast

Illustrated notes

Levels and vault maps discovered:
D:1:      amcnicky_arrival_gap_in_the_tavern_cellar, layout_loops_cross
D:2:      layout_basic, nicolae_titane
D:3:      layout_basic, serial_bayou, serial_bayou_crossing,
          serial_bayou_pond_e, serial_bayou_ford_a, serial_bayou_shore_b,
          shapermc_ecumenical_altar_mp_highgroup
D:4:      layout_basic, kennysheep_mini, kennysheep_little_box,
          mainiacjoe_overflow_boulevard, nicolae_custom_books,
          minmay_goblin_kobold_house
D:5:      layout_loops_ring, amcnicky_altar_gilded

Skill      XL: |  1  2  3  4  5  6  7 |
---------------+----------------------+-----
Fighting       | 1 2 3 4 |  4.8
Dodging        | 3 4 |  4.2
Spellcasting   | 4 |  4.7
Conjurations   | 4 |  4.7
Hexes          | 4 |  4.7
Summonings     | 4 |  4.7
Necromancy     | 4 |  4.7
Translocations | 4 |  4.7
Fire Magic     | 4 |  4.7
Ice Magic      | 4 |  4.7
Air Magic      | 4 |  4.7
Earth Magic    | 4 |  4.7
Alchemy        | 4 |  4.7
Polearms       | |  0.4
Stealth        | |  1.5

Action                     |  1- 3 |  4- 6 |  7- 9 || total
---------------------------+-------+-------+-------++-------
  Melee: Dagger            |     3 |    25 |       ||    28
         Punch             |     1 |     1 |     1 ||     3
         Spear             |       |    10 |    24 ||    34
   Cast: Magic Dart        |    77 |    36 |    10 ||   123
         Call Imp          |     4 |    14 |     6 ||    24
         Summon Small Mamm |     2 |    28 |    10 ||    40
         Mephitic Cloud    |       |     4 |     5 ||     9
         Jinxbite          |       |     1 |       ||     1
         Blink             |       |     1 |     3 ||     4
         Slow              |       |       |     1 ||     1
  Evoke: Wand              |       |       |     3 ||     3
    Use: Potion            |       |     2 |     1 ||     3
   Stab: Sleeping          |       |     1 |     2 ||     3
 Armour: Robe              |     9 |    35 |    22 ||    66
  Dodge: Dodged            |    11 |    23 |    25 ||    59
